 Dungeon Crawl Stone Soup version 0.28.0-43-g3370ac3207 (webtiles) character file.

Game seed: 2356915137470681313

51 demenzo the Slasher (level 4, -1/35 HPs)
             Began as a Djinni Cinder Acolyte on Mar 18, 2022.
             Was a High Priest of Ignis.
             Killed from afar by Sigmund (10 damage)
             ... with a magic dart
             ... on level 2 of the Dungeon.
             The game lasted 00:03:16 (1451 turns).

demenzo the Slasher (Djinni Cinder Acolyte)         Turns: 1451, Time: 00:03:16

Health: -1/35      AC: 10    Str: 13    XL:     4   Next: 7%
Gold:   31         EV: 10    Int: 17    God:    Ignis [*****.] SH:  0 Dex:  9

rFire   + + +      SeeInvis .   a - +1 whip (elec)
rCold   x . .      Faith    .   (no shield)
rNeg    . . .      Spirit   .   i - +0 leather armour
rPois   ∞          Reflect  .   (no helmet)
rElec   .          Harm     .   (no cloak)
rCorr   .          Rampage  .   (no gloves)
Will    .....                   (boots unavailable)
Stlth   ..........              (no amulet)
HPRegen 0.11/turn               (no ring)
MPRegen 0.00/turn               (no ring)

@: confused, fiery-armoured, flying
A: sickness immunity, fire resistance 2, cold vulnerability 1, float, innate
caster, HP casting, extra vitality 1
a: Renounce Religion, Fiery Armour, Foxfire Swarm, Rising Flame


You were on level 2 of the Dungeon.
You worshipped Ignis.
Ignis was extremely pleased with you.
You visited 1 branch of the dungeon, and saw 2 of its levels.

You collected 31 gold pieces.

Inventory:

Hand Weapons
 a - a +1 whip of electrocution (weapon)
 e - a -1 falchion of flaming
 f - a +2 dagger of freezing
Missiles
 c - 5 stones
Armour
 b - a +0 robe
 i - a +0 leather armour (worn)
Scrolls
 g - a scroll of holy word {unknown}
 h - a scroll of vulnerability {unknown}
Potions
 d - a potion of curing {unknown}


   Skills:
 + Level 3.4 Fighting
 * Level 3.5 Long Blades
 + Level 2.8 Spellcasting


You had 5 spell levels left.
You knew the following spells:

 Your Spells              Type           Power      Damage    Failure   Level
a - Scorch                Fire           22%        2d6       11%         2
b - Apportation           Tloc           22%        N/A       7%          1
Your spell library was empty.

Dungeon Overview and Level Annotations

Branches:
Dungeon (2/15)

Altars:

Annotations:
D:2 Sigmund


Innate Abilities, Weirdness & Mutations

You are immune to sickness and miasma.
You are immune to poison.
Your flesh is very heat resistant. (rF++)
You are vulnerable to cold. (rC-)
You float through the air rather than walking.
You learn spells naturally, not from books.
Your magical power is your life essence.
You have superior vitality. (+4 MHP)


Message History

You miss Sigmund.
You bump into the rock wall.
Sigmund points at you and mumbles some strange words.
You resist with some effort.
You bump into the rock wall.
Sigmund closely misses you.
You closely miss Sigmund.
You feel less confused. Sigmund hits you with a +0 scythe!
You closely miss Sigmund.
A protective cloak of flame settles atop you.
Sigmund hits you but does no damage.
Sigmund is burned by your cloak of flames.
Sigmund is lightly wounded.
You completely miss Sigmund.
Sigmund is lightly wounded.
Sigmund points at you and mumbles some strange words.
You are confused.
You miss Sigmund.
Sigmund is lightly wounded.
Sigmund says, "Now you see me, now you don't..."
Sigmund closely misses you.
You barely miss Sigmund.
Sigmund is lightly wounded.
Sigmund giggles. "Time to reap what you sow."
Sigmund hits you with a +0 scythe.
Sigmund is burned by your cloak of flames.
Sigmund is lightly wounded.
You bump into the rock wall.
You closely miss Sigmund.
Sigmund is lightly wounded.
Sigmund breathes a few words.
Sigmund's hands start flickering wildly.
Sigmund hits you with a +0 scythe!
* * * LOW HITPOINT WARNING * * *
Sigmund is burned by your cloak of flames.
Sigmund is moderately wounded.
Sigmund says, "Now you see me, now you don't..."
Sigmund casts a spell at you. The magic dart hits you!
You die...

#......#..#.........
#.....)..<.†..##....
......##†...........
#########...........
..........#.......
..#####.#.#.......
#####...#.......
..........##...
####....@.# #..
#.####.# .# ... #@#
.... ... .... ....#
... ...... .#.#####
.... ...##


You could see Sigmund.

Vanquished Creatures
  A gnoll (D:1)
  A dart slug (D:1)
  4 ball pythons
  2 endoplasms (D:1)
  4 hobgoblins (D:1)
  6 jackals (D:1)
  A quokka (D:2)
  2 bats (D:1)
  3 frilled lizards (D:1)
  6 goblins (D:1)
  5 kobolds
  3 rats (D:1)
38 creatures vanquished.

Notes
Turn   | Place    | Note
-------+----------+-------------------------------------------
     0 | D:1      | demenzo the Djinni Cinder Acolyte began the quest for the
                  | Orb.
     0 | D:1      | Reached XP level 1. HP: 20/20 MP: 0/0
   206 | D:1      | Reached XP level 2. HP: 21/25 MP: 0/0
   438 | D:1      | Found a faded altar of an unknown god.
   448 | D:1      | Reached XP level 3. HP: 16/30 MP: 0/0
   448 | D:1      | Learned a level 1 spell: Apportation
  1204 | D:1      | Reached XP level 4. HP: 35/35 MP: 0/0
  1436 | D:2      | Noticed Sigmund
  1451 | D:2      | Killed from afar by Sigmund

Illustrated notes

Levels and vault maps discovered:
D:1:      erik_arrival_triangle_small, layout_rooms,
          ebering_ecumenical_altar_abandoned, minmay_bisected
D:2:      layout_basic, chequers_serial_rivers_micro_b, grunt_decor_one_mirror,
          uniq_sigmund

Skill      XL: |  1  2 |
---------------+-------+-----
Long Blades    | 3 |  3.5
Fighting       | |  3.4
Spellcasting   | |  2.8

Action                   |  1- 3 |  4- 6 || total
-------------------------+-------+-------++-------
Melee: Falchion          |    36 |       ||    36
       Whip              |    31 |    26 ||    57
Invok: Fiery Armour      |     1 |     1 ||     2
Armor: Robe              |    19 |       ||    19
       Leather armour    |       |    12 ||    12
Dodge: Dodged            |    72 |    13 ||    85
